Map: Fracture LE

Players

HeroMarine - Winner!

  • Race: Terran Terran
  • Spawn Location: 5:00

Dolan

  • Race: Terran Terran
  • Spawn Location: 11:00

Event: WCS Montreal 2018

VOD

Have the link to the VOD?

Description

Time

  • Played on: Sept. 7, 2018, 1:09 p.m.
  • Length: 9:38

All games in this series

Show
View Real Time Build Order
Export as new Build Order

HeroMarine Terran - Winner!

Build Orders: Cyclone Opening 

Get SALT Encoding   

  12  0:00  SCV  
  13  0:13  SCV  
  14  0:17  Supply Depot  
  14  0:25  SCV  
  15  0:28  Refinery  
  15  0:39  SCV  
  16  0:45  Barracks  
  16  0:51  SCV  
  17  1:03  SCV, Refinery  
  18  1:15  SCV  
  19  1:34  Orbital Command  
  19  1:35  Factory  
  19  1:39  Reaper  
  20  1:43  Supply Depot  
  20  2:00  SCV  
  21  2:11  Reaper  
  21  2:12  SCV  
  23  2:19  Hellion  
  25  2:24  SCV  
  26  2:30  Command Center  
  26  2:36  SCV  
  27  2:42  Starport  
  27  2:50  Supply Depot  
  27  2:51  Cyclone  
  27  2:55  Barracks Tech Lab  
  27  2:58  SCV  
  31  3:10  SCV  
  31  3:22  SCV  
  31  3:23  Barracks Reactor  
  31  3:24  Cloaking Field  
  32  3:28  Banshee  
  35  3:34  SCV  
  36  3:43  Supply Depot  
  36  3:45  Barracks Reactor  
  36  3:46  Factory Tech Lab, SCV  
  37  3:58  SCV  
  38  4:03  Orbital Command  
  38  4:10  Banshee  
  38  4:11  SCV  
  42  4:23  SCV  
  43  4:26  Command Center  
  43  4:27  Siege Tank  
  45  4:32  SCV  
  45  4:35  SCV  
  45  4:37  Marine x2  
  45  4:46  SCV  
  45  4:47  SCV  
  45  4:56  Marine x2  
  45  4:58  SCV  
  45  4:59  SCV  
  45  5:10  SCV  
  45  5:11  SCV  
  44  5:15  Marine  
  44  5:16  Marine  
  44  5:19  Supply Depot  
  46  5:22  SCV  
  46  5:23  SCV  
  47  5:35  SCV x2  
  49  5:40  Command Center  
  49  5:45  Medivac  
  49  5:47  SCV, Siege Tank  
  49  5:49  Marine  
  53  5:50  Marine, Supply Depot  
  53  5:53  SCV  
  53  5:56  Refinery x2  
  56  5:59  SCV  
  57  6:06  SCV  
  57  6:11  SCV  
  59  6:15  Barracks Tech Lab, Barracks  
  59  6:16  Barracks  
  59  6:18  SCV  
  59  6:21  Starport Reactor  
  59  6:23  SCV, Siege Tank  
  64  6:30  SCV  
  65  6:35  SCV  
  65  6:39  Engineering Bay  
  66  6:40  Engineering Bay, Marine  
  66  6:41  Stimpack  
  66  6:43  SCV  
  68  6:47  SCV  
  68  6:53  Orbital Command  
  69  6:55  SCV  
  69  6:58  Marine  
  69  6:59  SCV  
  72  7:03  Marine, Siege Tank  
  72  7:04  Marine  
  72  7:07  SCV  
  78  7:09  Starport Reactor  
  78  7:11  SCV  
  78  7:14  Marine x2  
  74  7:16  Marine  
  74  7:19  SCV  
  74  7:21  Terran Infantry Weapons Level 1, Terran Infantry Armor Level 1, Marine  
  75  7:23  SCV, Orbital Command  
  75  7:26  Marine  
  77  7:31  SCV  
  77  7:32  Marine x2  
  77  7:34  Marine  
  77  7:35  Siege Tank, Supply Depot  
  77  7:36  SCV, Supply Depot  
  85  7:39  Marine  
  85  7:43  SCV, Marine  
  88  7:48  SCV, Refinery  
  88  7:50  Sensor Tower  
  89  7:51  SCV  
  89  7:53  Refinery  
  89  7:55  SCV  
  91  7:59  Marine x4  
  91  8:00  SCV  
  91  8:04  Medivac, SCV  
  99  8:06  Medivac  
  99  8:07  SCV  
  99  8:09  Supply Depot  
  99  8:12  SCV  
  103  8:13  Supply Depot  
  103  8:20  Barracks  
  103  8:21  SCV  
  103  8:22  SCV  
  103  8:24  SCV, Barracks  
  103  8:26  Siege Tank  
  108  8:34  SCV  
  108  8:35  SCV  
  108  8:36  SCV, Armory, Marine x2  
  112  8:45  Marine  
  112  8:46  Marine x2  
  112  8:47  SCV x2  
  118  8:48  SCV  
  118  8:49  Medivac x2  
  118  8:54  Marine  
  117  8:58  Siege Tank  
  117  8:59  SCV x2  
  117  9:00  SCV, Marine  
  98  9:03  Marine x2  
  101  9:11  SCV x2  
  101  9:12  SCV, Marine  
  104  9:22  Barracks Reactor x2  
  104  9:23  SCV x2  
  106  9:24  SCV  
Show
View Real Time Build Order
Export as new Build Order

Dolan Terran 

Build Orders: Cyclone Opening 

Get SALT Encoding   

  12  0:00  SCV  
  13  0:12  SCV  
  14  0:17  Supply Depot  
  14  0:25  SCV  
  14  0:27  Refinery  
  15  0:39  SCV  
  16  0:44  Barracks  
  16  0:51  SCV  
  16  0:54  Refinery  
  17  1:03  SCV  
  18  1:15  SCV  
  20  1:33  Reaper, Orbital Command  
  20  1:36  Factory  
  20  1:50  Supply Depot  
  20  1:59  SCV  
  21  2:05  Reaper  
  22  2:11  SCV  
  23  2:20  Cyclone  
  26  2:31  SCV  
  27  2:43  Command Center  
  27  2:47  Starport  
  27  2:53  Supply Depot  
  27  2:59  Cyclone  
  27  3:03  Barracks Reactor  
  30  3:12  SCV  
  29  3:24  SCV  
  29  3:25  Medivac  
  32  3:41  Marine  
  32  3:42  Factory Tech Lab, Marine  
  32  3:43  Cyclone  
  32  3:44  SCV  
  38  3:55  Orbital Command, Supply Depot  
  38  3:56  Starport Tech Lab  
  38  4:00  SCV  
  39  4:03  Marine x2  
  41  4:12  SCV  
  42  4:20  Marine  
  42  4:21  SCV, Marine  
  42  4:23  Raven  
  47  4:24  SCV  
  47  4:27  Factory Tech Lab  
  47  4:58  Siege Tank  
  46  5:00  SCV  
  46  5:01  SCV  
  45  5:09  Viking  
  45  5:13  SCV x2  
  49  5:16  Command Center  
  49  5:17  Marine x2  
  51  5:25  SCV x2  
  50  5:30  Engineering Bay x2  
  50  5:31  Refinery  
  50  5:33  Refinery  
  50  5:35  Marine x2  
  51  5:37  SCV x2  
  51  5:49  SCV x2  
  53  5:50  Siege Tank  
  56  5:59  Starport Reactor  
  56  6:01  SCV x2  
  56  6:03  Concussive Shells, Marine  
  59  6:16  SCV x2  
  61  6:22  Barracks  
  61  6:23  Barracks  
  61  6:28  SCV x2  
  61  6:31  Orbital Command  
  63  6:40  Marine  
  63  6:41  Siege Tank  
  63  6:44  SCV  
  63  6:45  SCV  
  69  6:51  Terran Infantry Weapons Level 1  
  69  6:52  Terran Infantry Armor Level 1  
  69  6:54  Starport Reactor  
  69  6:56  SCV  
  69  7:00  SCV x2  
  71  7:02  Refinery  
  69  7:16  SCV x2  
  69  7:22  SCV  
  71  7:27  Marine x3  
  71  7:28  SCV x2, Combat Shields  
  77  7:44  Supply Depot x2  
  77  7:45  Marine  
  77  7:46  SCV x3, Marine x4  
  84  7:53  Missile Turret  
  84  7:59  SCV  
  84  8:05  Medivac x2, SCV, Siege Tank  
  93  8:06  Supply Depot  
  93  8:08  SCV  
  93  8:11  SCV  
  95  8:21  Orbital Command  
  95  8:22  Marine x4  
  95  8:23  Marine  
  95  8:25  SCV x2  
  102  8:37  Barracks x2  
  102  8:40  Marine x5  
  107  8:43  Sensor Tower  
  100  9:01  Marine  
  76  9:10  Marine x4  
  74  9:19  Marine  
  74  9:23  SCV x3  
  85  9:26  Supply Depot  
  85  9:28  Refinery  
  85  9:29  Refinery  
  89  9:33  Armory  
Tags
 
Add a new tag
Caveats
  • Supply blocks, unpowered buildings, or Contaminate may cause inaccurate times.
  • Supply counts are checked every 10 seconds.